 Dungeon Crawl Stone Soup version 0.30-a0-1075-gcd70e7a56d (webtiles) character file.

Game seed: 9099869433416427632

219 graymark the Trooper (level 5, -6/43 HPs)
             Began as a Demonspawn Fighter on Apr 14, 2023.
             Engulfed by a steam dragon's steam (11 damage)
             ... on level 3 of the Dungeon.
             The game lasted 00:09:07 (2854 turns).

graymark the Trooper (Demonspawn Fighter)           Turns: 2854, Time: 00:09:08

Health: -6/43      AC:  5    Str: 19    XL:     5   Next: 64%
Magic:  0/5        EV: 10    Int:  9    God:
Gold:   209        SH:  5    Dex: 12    Spells: 4/4 levels left

rFire   . . .      SeeInvis .    u - +0 broad axe
rCold   . . .      Faith    .    c - +0 buckler
rNeg    . . .      Spirit   +    m - +0 ring mail
rPois   .          Reflect  .    (no helmet)
rElec   .          Rampage  .    (no cloak)
rCorr   .                        (no gloves)
Will    .....                    (no boots)
Stlth   +                        F - amulet of guardian spirit
HPRegen 0.27/turn                (no ring)
MPRegen 0.09/turn                (no ring)

@: no status effects
A: hooves 1
a: no special abilities


You were on level 3 of the Dungeon.
You visited 1 branch of the dungeon, and saw 4 of its levels.

You collected 209 gold pieces.

Inventory:

Hand Weapons
 a - a +0 war axe
 i - a +0 mace
 u - a +0 broad axe (weapon)
 y - a +2 short sword of venom
 C - a +0 sling
Missiles
 D - 28 stones (quivered)
Armour
 b - a +0 scale mail
 c - a +0 buckler (worn)
 m - a +0 ring mail (worn)
 q - a +0 kite shield
 E - the +2 leather armour "Fetepnol" {rC++}
   (You found it on level 4 of the Dungeon)

   rC:        It greatly protects you from cold.
Jewellery
 h - a ring of poison resistance
 n - a ring of ice
 w - a ring of ice
 F - an amulet of guardian spirit (around neck)
Scrolls
 e - 3 scrolls of teleportation {unknown}
 f - a scroll of enchant weapon {unknown}
 g - a scroll of amnesia
 j - a scroll of brand weapon {unknown}
 r - a scroll of immolation {unknown}
 t - 2 scrolls of magic mapping {unknown}
 v - a scroll of fog {unknown}
Potions
 d - 2 potions of might
 k - 3 potions of mutation {unknown}
 l - 2 potions of attraction
 o - 3 potions of curing {unknown}
 p - a potion of haste {unknown}
 s - a potion of heal wounds {unknown}
 z - 2 potions of brilliance {unknown}
 A - a potion of flight {unknown}
 B - a potion of experience {unknown}
 G - a potion of lignification {unknown}


   Skills:
 + Level 4.3 Fighting
 + Level 3.4 Axes
 - Level 2.6 Armour
 + Level 4.0 Shields


You had 4 spell levels left.
You didn't know any spells.
Your spell library contained the following spells:

 Spells                   Type           Power      Damage    Failure   Level
 Sublimation of Blood     Necr           0%         N/A       80%         2
 Wereblood                Tmut           0%         N/A       80%         2
 Summon Hydra             Summ           0%         N/A       100%        7


Dungeon Overview and Level Annotations

Branches:
Dungeon (4/15)
 Temple: D:4-7

Altars:

Shops:
D:4 ?

Annotations:
D:3 exclusion: downstairs


Innate Abilities, Weirdness & Mutations

You have large cloven feet.


Message History

You climb downwards.
There is a stone staircase leading up here.
Throw: 2 darts (poison)
Press: ? - help, Q - select action, (/) - cycle Shift-Dir - straight line, f - steam dragon
Aim: a steam dragon (59% to hit)
You throw a poisoned dart.
The poisoned dart hits the steam dragon.
The steam dragon is poisoned.
Throw: dart (poison)
Press: ? - help, Q - select action, (/) - cycle Shift-Dir - straight line, f/p - steam dragon
Aim: a steam dragon (lightly wounded, poisoned, 59% to hit)
You throw a poisoned dart.
The poisoned dart closely misses the steam dragon.
The orc wizard mumbles some strange words.
The orc wizard flickers and vanishes!
Deactivating autopickup; reactivate with Ctrl-A.
You block the steam dragon's attack. The steam dragon misses you.
You climb upwards.
Level annotation: exclusion: downstairs Reactivating autopickup.
There is a stone staircase leading down here.
You hit the steam dragon but do no damage.
Your kick misses the steam dragon.
The steam dragon is lightly wounded.
The steam dragon barely misses you. x2; The steam dragon bites you!
The steam dragon closely misses you.
You slash the steam dragon!
The steam dragon is heavily wounded.
The steam dragon barely misses you. The steam dragon claws you.
You barely miss the steam dragon.
You kick the steam dragon, but do no damage.
The steam dragon is heavily wounded.
The steam dragon bites you! You block the steam dragon's attack.
The steam dragon breathes steam at you. The ball of steam hits you!!
* * * LOW HITPOINT WARNING * * *
You closely miss the steam dragon. You kick the steam dragon.
The steam dragon is severely wounded.
You are engulfed in a cloud of scalding steam.
You die...

#..# #...........#.....
#..###.....#####.#.####
#.........######.#.#
##.##............#.#
#............##.#.#
####..##........#.#
########..##.....#.^†.#
#.......D.###...#.....#
#.#######@# #.........#
#.#######.# ##.##.....#
#......##.# #.###...##
######.##.#
#.##.....#### #.##.#
#.#.......... #.##.#
#.#......####
#.##.####.#......# #.
#.##.............# #.
#.#######.#......###.


You could see a steam dragon (poisoned, catching breath).

Vanquished Creatures
  A jelly (D:4)
  A hound (D:4)
  An orc wizard (D:2)
  Robin (D:3)
  4 adders
  2 worms (D:2)
  A dart slug (D:2)
  3 orcs
  2 bats
  2 endoplasms (D:2)
  4 giant cockroaches
  15 goblins
  8 hobgoblins
  4 jackals (D:1)
  6 kobolds
  7 quokkas
  2 ball pythons (D:2)
  2 frilled lizards
  7 rats
73 creatures vanquished.

Vanquished Creatures (others)
  2 demonic plants (D:1)
  A plant (D:4)
3 creatures vanquished.

Grand Total: 76 creatures vanquished

Notes
Turn   | Place    | Note
-------+----------+-------------------------------------------
     0 | D:1      | graymark the Demonspawn Fighter began the quest for the
                  | Orb.
     0 | D:1      | Reached XP level 1. HP: 18/18 MP: 1/1
   131 | D:1      | Found a faded altar of an unknown god.
   131 | D:1      | Noticed a sixfirhy
   175 | D:1      | Gained mutation: You have large cloven feet. [demonic
                  | ancestry]
   175 | D:1      | Reached XP level 2. HP: 23/24 MP: 2/2
   756 | D:2      | Reached XP level 3. HP: 29/29 MP: 3/3
  1492 | D:2      | Reached XP level 4. HP: 32/37 MP: 4/4
  1779 | D:3      | Noticed Robin
  1940 | D:3      | Killed Robin
  2156 | D:3      | Reached XP level 5. HP: 41/42 MP: 5/5
  2397 | D:4      | Noticed a steam dragon
  2397 | D:4      | Found Ikeurear's Magic Scroll Shop.
  2428 | D:4      | Identified the +2 leather armour "Fetepnol" {rC++}
  2854 | D:3      | Engulfed by a steam dragon's steam

Illustrated notes

Levels and vault maps discovered:
D:1:      dpeg_arrival_simpleton_b, layout_loops_cross,
          dreamdust_ecumenical_altar_sealed_demon,
          amcnicky_mini_corridor_feature
D:2:      layout_loops_ring, amcnicky_mini_rare_corridor_liquid
D:3:      layout_loops_ring, dreamdust_mushroom_princess, uniq_robin
D:4:      layout_cave_pools, old_standard_altar, serial_forest,
          infiniplex_forest_clump_medium, infiniplex_forest_lined_2,
          infiniplex_forest_diagonal, infiniplex_forest_fountain,
          infiniplex_forest_lined_corner, infiniplex_forest_clump_small,
          serial_shops, shop

Skill      XL: |  1  2  3  4  5 |
---------------+----------------+-----
Axes           | 2 3 |  3.4
Shields        | 3 4 |  4.0
Fighting       | 4 |  4.3
Armour         | |  2.6

Action                     |  1- 3 |  4- 6 || total
---------------------------+-------+-------++-------
  Melee: War axe           |    96 |       ||    96
         Kick              |    18 |    24 ||    42
         Broad axe         |     9 |    96 ||   105
  Throw: Dart              |       |     2 ||     2
    Use: Scroll            |     2 |       ||     2
 Armour: Scale mail        |    30 |       ||    30
         Ring mail         |    16 |    38 ||    54
  Dodge: Dodged            |    50 |    63 ||   113
  Block: Buckler           |    25 |    26 ||    51

Table legend: (Time is in decaauts)
 A = Elapsed time spent in this place.
 B = Non-inter-level travel time spent in this place.
 C = Inter-level travel time spent in this place.
 D = Time resting spent in this place.
 E = Time spent auto-exploring this place.
 F = Levels seen in this place.
 G = Mean time per level.
                   A        B        C        D        E       F      G
               +--------+--------+--------+--------+--------+-----+--------+
         Total |   2951 |   2733 |    218 |    304 |   1666 |   4 |  737.8 |
       Dungeon |   2951 |   2733 |    218 |    304 |   1666 |   4 |  737.8 |
               +--------+--------+--------+--------+--------+-----+--------+

Top non-repeatable levels by time:
     D:2: 1080 daAuts
     D:3: 947 daAuts
     D:1: 675 daAuts
     D:4: 248 daAuts
